 Dungeon Crawl Stone Soup version 0.27.1-3-gb3d3a73c9e (webtiles) character file.

Game seed: 12648291655090230737

2310 dekerabia the Grappler (level 9, -9/79 HPs)
             Began as a Ghoul Fighter on Oct 18, 2021.
             Was an Initiate of Ru.
             Mangled by Joseph (10 damage)
             ... on level 8 of the Dungeon.
             The game lasted 00:06:52 (8243 turns).

dekerabia the Grappler (Ghoul Fighter)              Turns: 8243, Time: 00:06:52

Health: -9/79      AC:  9    Str: 23    XL:     9   Next: 41%
Magic:  8/8        EV:  7    Int:  3    God:    Ru [......]
Gold:   407        SH:  9    Dex:  8    Spells: 8/8 levels left

rFire    + . .     SeeInvis +     - Unarmed
rCold    + . .     Faith    .   b - +0 kite shield
rNeg     + + +     Spirit   .   a - +1 scale mail
rPois    ∞         Reflect  .   (no helmet)
rElec    .         Harm     .   e - +0 cloak
rCorr    .         Rampage  .   (no gloves)
Will     .....                  A - +0 pair of boots
Stlth    ..........             (no amulet)
HPRegen  0.00/turn              d - ring of see invisible
MPRegen  0.11/turn              t - ring of protection from fire

@: inhibited regen
A: claws 1, cold resistance 1, negative energy resistance 3, inhibited
regeneration, torment resistance 2
a: Renounce Religion


You were on level 8 of the Dungeon.
You worshipped Ru.
Ru was noncommittal.
You visited 2 branches of the dungeon, and saw 9 of its levels.
You also visited: Sewer.

You collected 407 gold pieces.

Inventory:

Missiles
 l - a throwing net (quivered)
Armour
 a - a +1 scale mail (worn)
 b - a +0 kite shield (worn)
 e - a +0 cloak (worn)
 A - a +0 pair of boots (worn)
Jewellery
 d - a ring of see invisible (left claw)
 t - a ring of protection from fire (right claw)
Wands
 f - a wand of polymorph (6)
 o - a wand of paralysis (5)
 u - a wand of flame (12)
 v - a wand of mindburst (7)
Scrolls
 h - 2 scrolls of noise {unknown}
 j - a scroll of amnesia
 k - a scroll of identify
 q - a scroll of brand weapon
 w - a scroll of fear {unknown}
 y - a scroll of enchant armour
 z - a scroll of blinking
Potions
 c - 2 potions of brilliance
 i - 2 potions of haste
 m - 2 potions of attraction
 n - a potion of invisibility {unknown}
 r - 2 potions of resistance {unknown}
 x - a potion of mutation {unknown}


   Skills:
 - Level 7.0 Fighting
 - Level 2.6 Armour
 - Level 2.6 Shields
 * Level 11.9 Unarmed Combat


You had 8 spell levels left.
You didn't know any spells.
Your spell library contained the following spells:

 Spells                   Type           Power      Damage    Failure   Level
 Magic Dart               Conj           0%         1d3       100%        1
 Searing Ray              Conj           0%         3d3       100%        2
 Frozen Ramparts          Ice            0%         1d2       100%        3
 Fulminant Prism          Conj/Hex       0%         3d6       100%        4
 Olgreb's Toxic Radiance  Pois           0%         N/A       100%        4
 Petrify                  Tmut/Erth      0%         N/A       100%        4
 Summon Ice Beast         Ice/Summ       0%         N/A       100%        4
 Irradiate                Conj/Tmut      0%         3d13      100%        5
 Ozocubu's Refrigeration  Ice            0%         4d5       100%        7
 Ignition                 Fire           0%         3d3       100%        8
 Sublimation of Blood     Necr           Unusable   N/A       N/A         2
 Ice Form                 Ice/Tmut       Unusable   N/A       N/A         4

Dungeon Overview and Level Annotations

Branches:
Dungeon (8/15)             Temple (1/1) D:6           Sewer (visited)
   Lair: D:8-11

Altars:
Ashenzari
Cheibriados
Elyvilon
Fedhas
Gozag
Hepliaklqana
Makhleb
Nemelex Xobeh
Okawaru
Qazlal
Ru
Sif Muna
Trog
Uskayaw
Vehumet
Wu Jian
Yredelemnul
Zin
The Shining One

Shops:
D:2 *

Annotations:
D:2 1 runed translucent door, Crazy Yiuf
D:6 Eustachio
D:8 Joseph


Innate Abilities, Weirdness & Mutations

You thrive by killing the living.
You are immune to poison.
You have sharp fingernails.
Your flesh is cold resistant. (rC+)
You are immune to negative energy. (rN+++)
You do not regenerate when monsters are visible.
You are immune to unholy pain and torment.


Message History

It stops flaming.
Joseph wields a +0 quarterstaff.
Joseph hits you with a +0 quarterstaff.
You completely miss Joseph. Joseph barely misses you.
You claw Joseph!
Joseph is moderately wounded.
Joseph hits you with a +0 quarterstaff!
You scratch Joseph.
Joseph is moderately wounded.
You block Joseph's attack.
You claw Joseph!
Joseph is moderately wounded.
Joseph hits you with a +0 quarterstaff!
You are too injured to fight recklessly!
You are too injured to fight recklessly!
You are too injured to fight recklessly!
You are too injured to fight recklessly!
You are too injured to fight recklessly!
You are too injured to fight recklessly!
You are too injured to fight recklessly!
You are too injured to fight recklessly!
You are too injured to fight recklessly!
Joseph is nearby!
You scratch Joseph but do no damage.
Joseph is moderately wounded.
You block Joseph's attack.
You scratch Joseph but do no damage.
Joseph is moderately wounded.
Joseph hits you with a +0 quarterstaff!
You closely miss Joseph.
Joseph is moderately wounded.
Joseph hits you with a +0 quarterstaff!
* * * LOW HITPOINT WARNING * * *
Your shield prevents you from hitting Joseph.
Joseph is moderately wounded.
Joseph hits you with a +0 quarterstaff!
* * * LOW HITPOINT WARNING * * *
You scratch Joseph but do no damage.
Joseph is moderately wounded.
Joseph hits you with a +0 quarterstaff!
You die...

#############
#...........#
#.#########.##
#####.# #.#@##
......#
#.###@###.#
####### #.
#......# .....
......#####.#
##### @....#
###.. #. #


You could see Joseph.

Vanquished Creatures
  A steam dragon (D:7)
  An orc warrior (D:7)
  A hornet zombie (D:6)
  An ice beast (D:6)
  2 black bears (D:7)
  2 necrophages
  A sky beast (D:7)
  A centaur (D:4)
  A kobold brigand (D:7)
  A bullfrog (D:7)
  A gnoll sergeant (D:3)
  2 scorpions (D:6)
  A water moccasin zombie (D:5)
  A wyvern skeleton (D:6)
  2 water moccasin skeletons
  4 killer bees (D:8)
  3 bullfrog zombies
  An orc priest (D:7)
  2 hounds
  A jelly (D:4)
  A bullfrog skeleton (D:6)
  An iguana (D:6)
  Natasha (thrice) (D:2)
  An orc wizard (D:7)
  A killer bee zombie (D:6)
  A hound skeleton (D:5)
  4 adders
  13 gnolls
  4 dart slugs
  12 orcs
  11 ball pythons
  10 endoplasms
  2 giant cockroaches (D:1)
  5 goblins
  5 hobgoblins
  13 jackals
  19 kobolds
  4 quokkas
  5 bats
  5 frilled lizards
  9 rats
159 creatures vanquished.

Vanquished Creatures (others)
  2 fungi (D:2)
  A plant (D:2)
3 creatures vanquished.

Grand Total: 162 creatures vanquished

Notes
Turn   | Place    | Note
-------+----------+-------------------------------------------
     0 | D:1      | dekerabia the Ghoul Fighter began the quest for the Orb.
     0 | D:1      | Reached XP level 1. HP: 19/19 MP: 0/0
   228 | D:1      | Reached XP level 2. HP: 26/26 MP: 1/1
   292 | D:1      | Reached skill level 3 in Unarmed Combat
   504 | D:1      | Reached XP level 3. HP: 33/33 MP: 2/2
  1297 | D:1      | Reached skill level 4 in Unarmed Combat
  1297 | D:1      | Reached XP level 4. HP: 34/40 MP: 3/3
  1472 | D:2      | Found Xuog's General Store.
  1570 | D:2      | Noticed Natasha
  1578 | D:2      | Killed Natasha
  1609 | D:2      | Noticed Natasha
  1615 | D:2      | Killed Natasha
  1616 | D:2      | Reached XP level 5. HP: 47/47 MP: 4/4
  1799 | D:2      | Reached skill level 5 in Unarmed Combat
  1948 | D:2      | Found a faded altar of an unknown god.
  2034 | D:2      | Noticed Natasha
  2040 | D:2      | Killed Natasha
  2097 | D:2      | Found a runed translucent door.
  2098 | D:2      | Noticed Crazy Yiuf
  2319 | D:3      | Found a glowing drain.
  2346 | Sewer    | Entered a sewer
  2732 | D:3      | Reached XP level 6. HP: 43/55 MP: 5/5
  2813 | D:3      | Reached skill level 5 in Fighting
  2835 | D:3      | Reached skill level 6 in Unarmed Combat
  3583 | D:4      | Found a radiant altar of Vehumet.
  3893 | D:3      | Reached XP level 7. HP: 45/61 MP: 6/6
  4079 | D:4      | Reached skill level 7 in Unarmed Combat
  4693 | D:5      | Entered Level 5 of the Dungeon
  4774 | D:5      | You fall into a shaft and drop 2 floors!
  4977 | D:7      | Reached skill level 8 in Unarmed Combat
  5075 | D:7      | Reached XP level 8. HP: 70/71 MP: 7/7
  5694 | D:5      | Noticed Eustachio
  5704 | D:5      | Reached skill level 9 in Unarmed Combat
  5968 | D:6      | Found a staircase to the Ecumenical Temple.
  5987 | Temple   | Entered the Ecumenical Temple
  6341 | D:6      | Reached skill level 10 in Unarmed Combat
  6613 | D:6      | Reached XP level 9. HP: 75/79 MP: 8/8
  6836 | D:6      | Found a sacrificial altar of Ru.
  7016 | D:6      | Became a worshipper of Ru the Awakened
  7086 | D:7      | Reached skill level 11 in Unarmed Combat
  8226 | D:8      | Noticed Joseph
  8242 | D:8      | HP: 1/79 [Joseph (14)]
  8243 | D:8      | Mangled by Joseph

Illustrated notes

Levels and vault maps discovered:
D:1:      wander_arrival_lonely_grave, layout_basic
D:2:      layout_basic, serial_shops, shop_coins, basic_altar,
          shapermc_ecumenical_altar_hornbeckon, uniq_crazy_yiuf_cottage,
          uniq_natasha
D:3:      layout_rooms, cheibrodos_sewer_entry_drain, minmay_close_crescents
D:4:      layout_gridville, nicolae_vehumet_altar_sigil
D:5:      layout_cave_pools, zin_treasury, uniq_sigmund, uniq_eustachio
D:6:      layout_cave_pods, nicolae_ru_path_of_blood,
          minmay_temple_entry_stoned_glass
D:7:      layout_loops_cross
D:8:      layout_loops_ring, grunt_dithmenos_smoke, xom_redecorated,
          due_lair_maze_entry_diamond, gammafunk_ghost_ooze, uniq_maggie,
          uniq_joseph
Temple:   nicolae_temple_elliptical

Skill      XL: |  1  2  3  4  5  6  7  8  9 |
---------------+----------------------------+-----
Unarmed Combat | 3 4 5 6 8 10 11 | 11.9
Fighting       | 4 5 6 7 |  7.0
Armour         | |  2.6
Shields        | |  2.6

Action                   |  1- 3 |  4- 6 |  7- 9 || total
-------------------------+-------+-------+-------++-------
Melee: Unarmed           |   114 |   186 |   283 ||   583
  Use: Scroll            |       |     5 |    12 ||    17
       Potion            |       |     3 |     2 ||     5
Armor: Scale mail        |    56 |    74 |   163 ||   293
Dodge: Dodged            |    34 |    58 |   113 ||   205
Block: Kite shield       |    61 |   104 |   203 ||   368
